 Dungeon Crawl Stone Soup version 0.28-a0-124-g73ec313a74 (webtiles) character file.

Game seed: 924687335299971438

81 porpoise the Skirmisher (level 4, -3/37 HPs)
             Began as a Demonspawn Artificer on Aug 15, 2021.
             Killed from afar by Natasha (6 damage)
             ... with a magic dart
             ... on level 2 of the Dungeon.
             The game lasted 00:05:30 (2005 turns).

porpoise the Skirmisher (Demonspawn Artificer)      Turns: 2005, Time: 00:05:31

Health: -3/37      AC:  4    Str: 13    XL:     4   Next: 19%
Magic:  4/4        EV: 11    Int: 12    God:
Gold:   37         SH:  5    Dex: 14    Spells: 3/3 levels left

rFire   . . .      SeeInvis .   a - +0 mace
rCold   . . .      Faith    .   (no shield)
rNeg    . . .      Spirit   .   k - +0 leather armour
rPois   .          Reflect  +   (no helmet)
rElec   .          Harm     .   g - +0 cloak
rCorr   .          Rampage  .   (no gloves)
Will    .....                   (no boots)
Stlth   +.........              h - amulet of reflection
HPRegen 0.12/turn               (no ring)
MPRegen 0.09/turn               (no ring)

@: no status effects
A: demonic guardian 1, ignite blood 1
a: no special abilities


You were on level 2 of the Dungeon.
You visited 1 branch of the dungeon, and saw 2 of its levels.

You collected 37 gold pieces.

Inventory:

Hand Weapons
 a - a +0 mace (weapon)
 b - a +0 hunting sling
Missiles
 f - 47 stones
 j - 18 sling bullets
Armour
 g - a +0 cloak (worn)
 k - a +0 leather armour (worn)
Jewellery
 h - an amulet of reflection (around neck)
Wands
 c - a wand of flame (15)
 d - a wand of charming (14)
Scrolls
 i - a scroll of vulnerability {unknown}
Miscellaneous
 e - a piece from Xom's chessboard (15/15) (quivered)


   Skills:
 + Level 3.6 Fighting
 - Level 2.0 Armour
 - Level 1.0 Dodging
 - Level 0.8 Stealth
 - Level 3.3 Evocations


You had 3 spell levels left.
You didn't know any spells.
Your spell library contained the following spells:

 Spells                   Type           Power      Damage    Failure   Level
 Foxfire                  Conj/Fire      0%         2x1d4     38%         1
 Conjure Flame            Conj/Fire      0%         6-21      77%         3
 Inner Flame              Hex/Fire       0%         N/A       77%         3


Dungeon Overview and Level Annotations

Branches:
Dungeon (2/15)

Altars:

Shops:
D:1 [

Annotations:
D:2 Natasha


Innate Abilities, Weirdness & Mutations

A weak demonic guardian rushes to your aid.
Your demonic aura sometimes causes spilled blood to erupt in flames.


Message History

You block Natasha's attack. Natasha closely misses you.
You shoot a stone. The stone barely misses Natasha.
Natasha claws you but does no damage.
Natasha stares at you and mumbles some strange words.
You resist with some effort.
You shoot a stone. The stone closely misses Natasha.
Natasha barely misses you. Natasha claws you.
You shoot a stone. The stone closely misses Natasha.
Natasha stares at you and mumbles some strange words.
The magic dart hits you!
You shoot a stone. The stone barely misses Natasha.
Natasha stares at you and mumbles some strange words.
You resist with some effort. You block Natasha's attack.
You shoot a stone. The stone hits Natasha.
Natasha is severely wounded.
Natasha completely misses you. Natasha claws you!
You are too injured to fight recklessly!
You are too injured to fight recklessly!
You are too injured to fight recklessly!
a - a +0 mace (weapon)
Natasha closely misses you.
You closely miss Natasha.
Natasha is severely wounded.
Natasha claws you. x2
* * * LOW HITPOINT WARNING * * *
A demonic guardian appears!
You barely miss Natasha.
Natasha is severely wounded.
Natasha casts a spell at you. The magic dart hits you.
* * * LOW HITPOINT WARNING * * *
Natasha misses you.
You closely miss Natasha.
Natasha is severely wounded.
Natasha misses you. Natasha closely misses you.
You barely miss Natasha.
Natasha is severely wounded.
Natasha casts a spell at you. The magic dart hits you.
You die...

##.########
(((.(.h@5.#
(#.######.#
#### #.# #...
#######.#######
#.##
...^..........#
#.#
#.########.##.#
#.# #.##.# #.#
#.##†# #.#
#.##.# #.#


You could see Natasha (fast, ally target) and a friendly shadow imp (summoned).

Vanquished Creatures
  Natasha (twice) (D:2)
  A dart slug (D:1)
  4 endoplasms
  3 giant cockroaches
  A goblin (D:1)
  2 hobgoblins
  4 jackals (D:1)
  A quokka (D:2)
  2 ball pythons (D:1)
  6 bats
  A kobold (D:1)
  5 rats
32 creatures vanquished.

Vanquished Creatures (others)
  A jackal (D:1)
1 creature vanquished.

Grand Total: 33 creatures vanquished

Notes
Turn   | Place    | Note
-------+----------+-------------------------------------------
     0 | D:1      | porpoise the Demonspawn Artificer began the quest for the
                  | Orb.
     0 | D:1      | Reached XP level 1. HP: 15/15 MP: 1/1
   311 | D:1      | Reached skill level 1 in Dodging
   507 | D:1      | Gained mutation: Your demonic aura sometimes causes spilled
                  | blood to erupt in flames. [demonic ancestry]
   507 | D:1      | Reached XP level 2. HP: 9/21 MP: 2/2
   903 | D:1      | Found Jecedug's Antique Armour Emporium.
  1668 | D:2      | Gained mutation: A weak demonic guardian rushes to your
                  | aid. [demonic ancestry]
  1668 | D:2      | Reached XP level 3. HP: 28/28 MP: 3/3
  1902 | D:2      | Noticed Natasha
  1903 | D:2      | Killed Natasha
  1925 | D:2      | Noticed Natasha
  1928 | D:2      | Killed Natasha
  1929 | D:2      | Reached XP level 4. HP: 37/37 MP: 4/4
  1987 | D:2      | Noticed Natasha
  2005 | D:2      | Killed from afar by Natasha

Illustrated notes

Levels and vault maps discovered:
D:1:      dpeg_arrival_chambers_temple_mockup, layout_loops_ring, serial_shops,
          shop, chequers_serial_rivers_small_b
D:2:      layout_loops_ring, ebering_ecumenical_altar_abandoned, uniq_sigmund,
          uniq_natasha

Skill      XL: |  1  2  3 |
---------------+----------+-----
Armour         | 2 |  2.0
Dodging        | 1 |  1.0
Fighting       | 2 3 |  3.6
Stealth        | |  0.8
Evocations     | |  3.3

Action                   |  1- 3 |  4- 6 || total
-------------------------+-------+-------++-------
Melee: Club              |    30 |       ||    30
       Mace              |    81 |     4 ||    85
 Fire: Hunting sling     |     4 |    13 ||    17
Evoke: Wand              |     1 |       ||     1
 Stab: Sleeping          |     2 |       ||     2
Armor: Leather armour    |    37 |     1 ||    38
Dodge: Dodged            |    79 |    10 ||    89
Block: Other             |    35 |     2 ||    37

Table legend: (Time is in decaauts)
 A = Elapsed time spent in this place.
 B = Non-inter-level travel time spent in this place.
 C = Inter-level travel time spent in this place.
 D = Time resting spent in this place.
 E = Time spent auto-exploring this place.
 F = Levels seen in this place.
 G = Mean time per level.
                   A        B        C        D        E       F      G
               +--------+--------+--------+--------+--------+-----+--------+
         Total |   2048 |   2034 |     14 |    940 |    696 |   2 | 1024.0 |
       Dungeon |   2048 |   2034 |     14 |    940 |    696 |   2 | 1024.0 |
               +--------+--------+--------+--------+--------+-----+--------+

Top non-repeatable levels by time:
     D:1: 1689 daAuts
     D:2: 358 daAuts
